 Dungeon Crawl Stone Soup version 0.27-a0-909-g0721f309d1 (webtiles) character file.

Game seed: 17985976513627228898

545 Lugonue the Magician (level 6, -2/48 HPs)
             Began as a Demigod Air Elementalist on Apr 8, 2021.
             Slain by an ice beast (14 damage)
             ... on level 4 of the Dungeon.
             The game lasted 00:09:15 (4320 turns).

Lugonue the Magician (Demigod Air Elementalist)     Turns: 4320, Time: 00:09:15

Health: -2/48      AC:  7    Str: 17    XL:     6   Next: 77%
Magic:  1/14       EV: 11    Int: 17    God:
Gold:   162        SH:  5    Dex: 14    Spells: 5/12 levels left

rFire    . . .     SeeInvis .   l - +1 dagger (venom)
rCold    . . .     Faith    .   h - +2 buckler
rNeg     . . .     Spirit   .   o - +0 leather armour
rPois    .         Reflect  .   (no helmet)
rElec    .         Harm     .   j - +2 cloak
rCorr    .         Rampage  .   n - +0 pair of gloves
Will     .....                  (no boots)
Stlth    ++........             (no amulet)
HPRegen  0.16/turn              (no ring)
MPRegen  0.14/turn              (no ring)

@: attractive, very slightly contaminated
A: high mp 1, forlorn
a: no special abilities


You were on level 4 of the Dungeon.
You visited 1 branch of the dungeon, and saw 4 of its levels.

You collected 162 gold pieces.

Inventory:

Hand Weapons
 g - a +0 spear
 l - a +1 dagger of venom (weapon)
Missiles
 c - 53 arrows
 k - 3 poisoned darts (quivered)
 m - a curare-tipped dart
Armour
 h - a +2 buckler (worn)
 j - a +2 cloak (worn)
 n - a +0 pair of gloves (worn)
 o - a +0 leather armour (worn)
Scrolls
 b - a scroll of immolation {unknown}
 d - a scroll of noise {unknown}
 e - a scroll of fear {unknown}
 i - 4 scrolls of identify {unknown}
 p - a scroll of enchant weapon {unknown}
Potions
 q - a potion of resistance {unknown}


   Skills:
 * Level 1.9 Fighting
 * Level 2.5 Polearms
 + Level 0.4 Throwing
 + Level 2.8 Dodging
 + Level 2.9 Stealth
 * Level 3.7 Spellcasting
 + Level 1.6 Conjurations
 + Level 3.6 Air Magic
 + Level 0.1 Evocations


You had 5 spell levels left.
You knew the following spells:

 Your Spells              Type           Power      Damage    Failure   Level
a - Shock                 Conj/Air       48%        1d6       11%         1
b - Swiftness             Air            15%        N/A       11%         2
c - Airstrike             Air            7%         N/A       58%         4

Your spell library contained the following spells:

 Spells                   Type           Power      Damage    Failure   Level
 Static Discharge         Conj/Air       12%        N/A       32%         3
 Lightning Bolt           Conj/Air       6%         1d18      97%         5


Dungeon Overview and Level Annotations

Branches:
Dungeon (4/15)             Temple (0/1) D:4


Innate Abilities, Weirdness & Mutations

Your attributes grow dramatically as you level up.
You have an increased reservoir of magic. (+10% MP)
You shall have no god before yourself.


Message History

Aiming: Shock (safe; 11% risk of failure)
Press: ? - help, Shift-Dir - straight line, f/p - ice beast
Aim: an ice beast (almost dead, 32% to evade)
The zap hits the ice beast.
The ice beast is almost dead.
The ice beast closely misses you.
Casting: Shock (safe; 11% risk of failure)
Confirm with . or Enter, or press ? or * to list all spells.
Aiming: Shock (safe; 11% risk of failure)
Press: ? - help, Shift-Dir - straight line, f/p - ice beast
Aim: an ice beast (almost dead, 32% to evade)
The zap misses the ice beast.
The ice beast hits you. The ice beast freezes you!
* * * LOW HITPOINT WARNING * * *
It was a potion of attraction.
You feel attractive to monsters. The ice beast closely misses you.
You barely miss the ice beast.
The ice beast is almost dead.
The ice beast barely misses you.
Sorry, you're not good enough to have a special ability.
Unknown command.
Unknown command.
Unknown command.
Unknown command.
You aren't carrying any items that you can evoke without wielding.
Unknown command.
Okay, then.
Unknown command.
You barely miss the ice beast.
The ice beast is almost dead.
You block the ice beast's attack.
The ice beast hits you but does no damage.
You are too injured to fight recklessly!
You closely miss the ice beast.
The ice beast is almost dead.
The ice beast hits you.
* * * LOW HITPOINT WARNING * * *
The ice beast freezes you!
You die...

#####....#.#.#.# #
..........#......##
................... # ..
..........###.. ###.#.
##.#.##.#......
...#.###.......#.##... ..
...........!........
##.#####.###..#..#########
#........@Y).....#.....#..
#........###..#..##)##.##.
#........###..#.##.##.##.#
#.[......#.......#..#..#..
#.......####..#.##.##.##†#
#...............#..#..#..#
#...............##.##.##.#
#...............#.##.##.##
#..................#.....#


You could see an ice beast.

Vanquished Creatures
  Sigmund (D:2)
  2 phantoms
  A kobold brigand (D:4)
  An orc priest (D:4)
  Jessica (D:2)
  An iguana (D:3)
  2 adders
  An adder skeleton (D:4)
  2 worms (D:4)
  A dart slug (D:3)
  4 orcs
  6 ball pythons
  6 endoplasms
  2 giant cockroaches (D:3)
  A goblin (D:4)
  7 hobgoblins
  2 jackals (D:1)
  5 kobolds
  5 bats
  2 frilled lizards (D:2)
  3 rats
56 creatures vanquished.

Notes
Turn   | Place    | Note
-------+----------+-------------------------------------------
     0 | D:1      | Lugonue the Demigod Air Elementalist began the quest for
                  | the Orb.
     0 | D:1      | Reached XP level 1. HP: 14/14 MP: 5/5
   882 | D:1      | Reached XP level 2. HP: 17/20 MP: 7/7
  1464 | D:2      | Noticed Jessica
  1473 | D:2      | Killed Jessica
  1474 | D:2      | Reached XP level 3. HP: 26/26 MP: 2/9
  1706 | D:2      | Noticed a phantom
  1734 | D:2      | Killed a phantom
  1735 | D:2      | Reached skill level 1 in Polearms
  1735 | D:2      | Reached skill level 1 in Conjurations
  1735 | D:2      | Reached XP level 4. HP: 34/34 MP: 1/11
  2023 | D:2      | Noticed Sigmund
  2055 | D:2      | Killed Sigmund
  2056 | D:2      | Reached skill level 1 in Fighting
  2056 | D:2      | Reached XP level 5. HP: 31/40 MP: 12/12
  2524 | D:3      | Reached XP level 6. HP: 47/47 MP: 7/13
  3145 | D:3      | Learned a level 2 spell: Swiftness
  3746 | D:4      | Found a staircase to the Ecumenical Temple.
  3970 | D:3      | Learned a level 4 spell: Airstrike
  4320 | D:4      | Slain by an ice beast

Illustrated notes

Levels and vault maps discovered:
D:1:      amcnicky_arrival_double_pillar, layout_basic, basic_ecumenical_altar,
          minmay_statues_item, minmay_strange_pillars
D:2:      layout_rooms, minmay_misc_feat_x, uniq_jessica, uniq_sigmund
D:3:      layout_basic
D:4:      minmay_angry_zag, layout_basic, minmay_temple_entry_crystal_x

Skill      XL: |  1  2  3  4  5  6 |
---------------+-------------------+-----
Air Magic      | 3 |  3.6
Spellcasting   | 2 3 |  3.7
Dodging        | 2 |  2.8
Polearms       | 1 2 |  2.5
Stealth        | 2 |  2.9
Conjurations   | 1 |  1.6
Fighting       | 1 |  1.9
Throwing       | |  0.4
Evocations     | |  0.1

Action                   |  1- 3 |  4- 6 || total
-------------------------+-------+-------++-------
Melee: Spear             |    25 |       ||    25
       Short sword       |    10 |       ||    10
       Unarmed           |     6 |       ||     6
       Dagger            |    19 |   114 ||   133
Throw: Dart              |     4 |     3 ||     7
 Cast: Shock             |    34 |    29 ||    63
       Swiftness         |       |     1 ||     1
Evoke: Wand              |       |     9 ||     9
  Use: Potion            |     3 |     4 ||     7
 Stab: Sleeping          |     2 |     6 ||     8
       Invisible         |       |     1 ||     1
Armor: Robe              |     8 |    13 ||    21
       Skin              |     8 |       ||     8
       Leather armour    |       |    12 ||    12
Dodge: Dodged            |    31 |    77 ||   108
Block: Buckler           |       |    25 ||    25

Table legend: (Time is in decaauts)
 A = Elapsed time spent in this place.
 B = Non-inter-level travel time spent in this place.
 C = Inter-level travel time spent in this place.
 D = Time resting spent in this place.
 E = Time spent auto-exploring this place.
 F = Levels seen in this place.
 G = Mean time per level.
                   A        B        C        D        E       F      G
               +--------+--------+--------+--------+--------+-----+--------+
         Total |   4335 |   4188 |    147 |    230 |   3293 |   4 | 1083.8 |
       Dungeon |   4335 |   4188 |    147 |    230 |   3293 |   4 | 1083.8 |
               +--------+--------+--------+--------+--------+-----+--------+

Top non-repeatable levels by time:
     D:1: 1413 daAuts
     D:3: 1096 daAuts
     D:2: 993 daAuts
     D:4: 832 daAuts
